[Event "Early-Titled-Tuesday-Blitz-April-02-2024"]
[Site "Chess.com"]
[Date "2024.04.02"]
[Round "11"]
[White "mishanick"]
[Black "Kirill_Klukin"]
[Result "1-0"]
[WhiteElo "3026"]
[BlackElo "2811"]
[TimeControl "180+1"]
[EndTime "10:06:22 PDT"]
[Termination "mishanick won by resignation"]

1. d4 e6 2. c4 f5 3. Nc3 Nf6 4. e3 b6 5. Bd3 Bb7 6. f3 Bb4 7. Ne2 O-O 8. a3 Bxc3+ 9. Nxc3 d6 10. O-O Nbd7 11. Bd2 Qe7 12. Be1 g6 13. Bh4 Qg7 14. b4 e5 15. d5 a5 16. Qd2 Ba6 17. Be2 g5 18. Bf2 h5 19. Bd3 e4 20. fxe4 fxe4 21. Be2 Ne5 22. Qd4 Rae8 23. Bg3 Bc8 24. c5 axb4 25. axb4 bxc5 26. bxc5 h4 27. Bxe5 Rxe5 28.
Ra7 Rf7 29. Ra8 Rf8 30. Nb5 Kh7 31. cxd6 Rxd5 32. Qc3 c6 33. Ra7 Rf7 34. Rxf7 Qxf7 35. Rxf6 Qg7 36. Bh5 Be6 37. Bg6+ Kh8 38. Rf8+ Bg8 39.
Bf7 Qxc3 40. Rxg8+ Kh7 41. Nxc3 Rxd6 1-0

[Event "Early-Titled-Tuesday-Blitz-April-02-2024"]
[Site "Chess.com"]
[Date "2024.04.02"]
[Round "11"]
[White "zano2023"]
[Black "David_George21"]
[Result "0-1"]
[WhiteElo "2222"]
[BlackElo "2343"]
[TimeControl "180+1"]
[EndTime "10:06:25 PDT"]
[Termination "David_George21 won by resignation"]

1. d4 Nf6 2. Nd2 c5 3. e3 Nc6 4. Ngf3 e6 5. c3 d5 6. Bd3 Bd6 7. O-O O-O 8. dxc5 Bxc5 9. e4 Qc7 10. Qe2 dxe4 11. Nxe4 Nxe4 12. Qxe4 f5 13. Qe2 e5 14. Bc4+ Kh8 15. Ng5 g6 16. b4 Bd6 17.
a4 e4 18. h3 Qe7 19. h4 h6 20. Nh3 Qxh4 21. Rd1 Be5 22. Qe3 f4 23. Qxe4 Bf5 24. Qf3 Bg4 25. Qd3 Rad8 26. Bd5 Bxd1 27. Qxd1 f3 28.
Qb3 Qg4 29. Bxf3 Rxf3 0-1

[Event "Early-Titled-Tuesday-Blitz-April-02-2024"]
[Site "Chess.com"]
[Date "2024.04.02"]
[Round "11"]
[White "dropstoneDP"]
[Black "sokidze"]
[Result "1/2-1/2"]
[WhiteElo "2982"]
[BlackElo "2799"]
[TimeControl "180+1"]
[EndTime "10:06:30 PDT"]
[Termination "Game drawn by repetition"]

1. e4 e5 2. Nf3 Nf6 3. Nxe5 d6 4. Nf3 Nxe4 5. d4 d5 6. Bd3 Bd6 7. O-O O-O 8. c4 c6 9. Re1 Bf5 10. Qb3 Qd7 11. Nc3 Nxc3 12. Bxf5 Qxf5 13. bxc3 b6 14. cxd5 cxd5 15. Qb5 Qd7 16. a4 Qxb5 17. axb5 a5 18.
bxa6 Nxa6 19. Ba3 Bxa3 20. Rxa3 Nc7 21. Rb3 b5 22. g3 Rfe8 23. Rxe8+ Rxe8 24. Kf1 f6 25.
Ne1 Kf7 26. Nd3 Ke6 27. Nf4+ Kd6 28. Nh5 Re7 29. Ra3 Kc6 30. h4 Kd6 31. Nf4 g6 32.
Ng2 Re8 33. Ne3 Ra8 34. Rxa8 Nxa8 35. Ke2 Nb6 36. Kd3 Nc4 37. g4 Nb2+ 38. Kc2 Nc4 39. Kd3 Nb2+ 40. Kc2 Nc4 41. Kd3 1/2-1/2

[Event "Early-Titled-Tuesday-Blitz-April-02-2024"]
[Site "Chess.com"]
[Date "2024.04.02"]
[Round "11"]
[White "Flaccidmoves"]
[Black "GolfBeforeChess"]
[Result "1-0"]
[WhiteElo "2422"]
[BlackElo "2317"]
[TimeControl "180+1"]
[EndTime "10:06:30 PDT"]
[Termination "Flaccidmoves won by resignation"]

1. e4 e5 2. Nf3 d6 3. d4 Nf6 4.
dxe5 Nxe4 5. Qd5 Nc5 6. Bg5 Be7 7. exd6 Qxd6 8. Qxd6 Bxd6 9. Nc3 c6 10. O-O-O Bc7 11.
Bc4 Be6 12. Rhe1 O-O 13. Be7 Bxc4 14. Bxc5 Rc8 15. Re7 Na6 16. Ba3 Re8 17. Rdd7 Rxe7 18.
Rxe7 b5 19. Bc5 Bf4+ 20. Be3 Bxe3+ 21. Rxe3 Kf8 22. Ne5 Bf1 23. g3 Bg2 24. f3 Re8 25.
Nd7+ 1-0

[Event "Early-Titled-Tuesday-Blitz-April-02-2024"]
[Site "Chess.com"]
[Date "2024.04.02"]
[Round "11"]
[White "visa"]
[Black "Rawnsdale"]
[Result "0-1"]
[WhiteElo "2360"]
[BlackElo "2529"]
[TimeControl "180+1"]
[EndTime "10:06:31 PDT"]
[Termination "Rawnsdale won by checkmate"]

1. Nf3 d5 2. b3 Nf6 3. Bb2 Bf5 4. g3 e6 5. Bg2 Be7 6. Nh4 Bg4 7. h3 Bh5 8. Nf3 Nbd7 9. g4 Bg6 10. Nh4 Be4 11. Nf3 h6 12. d3 Bxf3 13. Bxf3 c6 14. e4 dxe4 15. dxe4 Nc5 16. Qxd8+ Rxd8 17. Nd2 O-O 18. e5 Nd5 19. Bxd5 Rxd5 20. Nc4 Rfd8 21. O-O Ne4 22. Ne3 Rd2 23. Rad1 Bc5 24. Rxd2 Rxd2 25.
Bc1 Bxe3 26. Bxd2 Bxd2 27. Rd1 Bc3 28. Rd7 Nc5 29. Rd8+ Kh7 30. f4 g5 31. Rf8 Kg7 32.
Ra8 gxf4 33. Rxa7 Bxe5 34. b4 Ne4 35. Rxb7 f3 36. b5 Bd4+ 37. Kf1 Ng3+ 38. Ke1 f2+ 39.
Kd2 f1=Q 40. bxc6 Qe2+ 41. Kc1 Qe1# 0-1

[Event "Early-Titled-Tuesday-Blitz-April-02-2024"]
[Site "Chess.com"]
[Date "2024.04.02"]
[Round "11"]
[White "WindWhistler11"]
[Black "RantomOpening"]
[Result "0-1"]
[WhiteElo "2439"]
[BlackElo "2563"]
[TimeControl "180+1"]
[EndTime "10:06:37 PDT"]
[Termination "RantomOpening won by resignation"]

1. Nf3 d5 2. c4 e6 3. g3 d4 4.
Bg2 Nf6 5. e3 c5 6. exd4 cxd4 7.
O-O Nc6 8. Re1 Bd6 9. d3 h6 10. Na3 O-O 11. Nc2 e5 12. Rb1 a5 13. a3 a4 14. Bd2 Bf5 15. Bb4 Nxb4 16. Nxb4 Bxb4 17.
axb4 a3 18. Rxe5 a2 19. Ra1 Bh7 20. b3 Ra3 21. Re2 Qa8 22. Nxd4 Rd8 23. Nb5 Rxd3 24. Rd2 Raxb3 25. Rxd3 Rxd3 26. Qe2 Qa4 27. Rxa2 Qd1+ 28. Bf1 Bf5 29. Kg2 Qb1 30. Ra8+ Kh7 31. Qe5 Be4+ 32. Kg1 0-1

[Event "Early-Titled-Tuesday-Blitz-April-02-2024"]
[Site "Chess.com"]
[Date "2024.04.02"]
[Round "11"]
[White "Misterfox120"]
[Black "whiteglovethief"]
[Result "1-0"]
[WhiteElo "2427"]
[BlackElo "2541"]
[TimeControl "180+1"]
[EndTime "10:06:38 PDT"]
[Termination "Misterfox120 won by checkmate"]

1. d4 Nf6 2. Nc3 e6 3. e4 Bb4 4. e5 Nd5 5. Bd2 O-O 6. Bd3 d6 7. Nf3 h6 8. O-O Nc6 9. exd6 Bxd6 10. Ne4 Bf4 11. c4 Ncb4 12. Bb1 f5 13. Nc5 b6 14.
Nb3 Ba6 15. cxd5 Bxf1 16. Bxb4 Bxg2 17. Kxg2 Qxd5 18. Bxf8 Rxf8 19. Qe2 Rf6 20. Bd3 Rg6+ 21. Kh1 Bxh2 22. Kxh2 Qd6+ 23. Qe5 Qc6 24. d5 exd5 25. Bxf5 Rf6 26. Re1 Rf8 27. Qe6+ Qxe6 28. Bxe6+ Kh8 29. Kg3 c6 30. Nbd4 c5 31. Nb5 d4 32. Nxa7 Ra8 33.
Nc6 b5 34. Bf5 c4 35. Ncxd4 g6 36. Bxg6 Rg8 37. Ne5 b4 38. Nf5 h5 39. Rh1 Re8 40. Rxh5+ Kg8 41. Bf7+ Kf8 42. Rh8# 1-0

[Event "Early-Titled-Tuesday-Blitz-April-02-2024"]
[Site "Chess.com"]
[Date "2024.04.02"]
[Round "11"]
[White "Casper"]
[Black "teresin05"]
[Result "1-0"]
[WhiteElo "2495"]
[BlackElo "2272"]
[TimeControl "180+1"]
[EndTime "10:06:41 PDT"]
[Termination "Casper won by checkmate"]

1. e4 c5 2. d4 cxd4 3. Qxd4 Nc6 4.
Qe3 d5 5. exd5 Qxd5 6. Qb3 Nf6 7.
Nf3 Qxb3 8. axb3 Bf5 9. c3 e6 10. Na3 Bd6 11. Nb5 Bb8 12. Be3 a6 13. h3 O-O 14.
Be2 Nd5 15. Bc5 Rd8 16. Nfd4 Nxd4 17. Nxd4 Bg6 18. Bf3 Bd6 19. Bxd5 Bxc5 20. Bxb7 Rab8 21.
Nc6 Rxb7 22. Nxd8 Rb6 23. O-O Be7 24. Rfd1 Kf8 25. Rd7 Ke8 26. Rad1 Bc2 27. R1d2 Bxb3 28. Rb7 Rxb7 29. Nxb7 Bd5 30. Na5 Bd8 31. b4 Ke7 32. Kf1 Bxa5 33. bxa5 Bc4+ 34. Ke1 e5 35. f3 Ke6 36.
Kf2 f5 37. g3 e4 38. fxe4 fxe4 39. Ke3 Bd3 40. Rb2 Kd5 41. Rb7 Kc4 42. Rxg7 Kxc3 43.
Rxh7 Kb4 44. Rh5 Bc2 45. Rg5 Bd3 46. h4 Bb5 47. h5 Kxa5 48. h6 Kb4 49. h7 a5 50. h8=Q a4 51. Qb2+ Ka5 52. Qxb5# 1-0

[Event "Early-Titled-Tuesday-Blitz-April-02-2024"]
[Site "Chess.com"]
[Date "2024.04.02"]
[Round "11"]
[White "IMRosen"]
[Black "ATM622"]
[Result "0-1"]
[WhiteElo "2645"]
[BlackElo "2523"]
[TimeControl "180+1"]
[EndTime "10:06:44 PDT"]
[Termination "ATM622 won on time"]

1. e4 c6 2. Nf3 d5 3. Nc3 dxe4 4. Nxe4 Nf6 5. Qe2 Nxe4 6. Qxe4 g6 7. Bc4 Bg7 8. d3 O-O 9. O-O Nd7 10. h3 Nf6 11.
Qe2 Nd5 12. Re1 Re8 13. Ne5 Be6 14. Bg5 Qd6 15. Bd2 Rad8 16. a3 b5 17. Bb3 Qc7 18.
Rad1 a5 19. a4 Rb8 20. h4 bxa4 21. Bxa4 Rxb2 22. Rb1 Rxb1 23. Rxb1 Bxe5 24. Bxc6 Qxc6 25. Qxe5 Qxc2 26. Qe1 a4 27. h5 Qxd3 28. Bh6 Qd4 29. Rd1 Qc3 30. Bd2 Qf6 31. h6 a3 32. Ra1 Ra8 33. Qc1 a2 34. Bg5 Qc3 35. Qd1 Nf6 36.
Be3 Rb8 37. Bd4 Qb3 38. Be5 Qxd1+ 39. Rxd1 Rb1 40. Rf1 Ng4 41. Bd4 Bc4 0-1

[Event "Early-Titled-Tuesday-Blitz-April-02-2024"]
[Site "Chess.com"]
[Date "2024.04.02"]
[Round "11"]
[White "AlphaGoosee"]
[Black "FREDERICKtheMATE"]
[Result "1-0"]
[WhiteElo "2567"]
[BlackElo "2676"]
[TimeControl "180+1"]
[EndTime "10:06:46 PDT"]
[Termination "AlphaGoosee won by checkmate"]

1. e4 c6 2. d4 d5 3. exd5 cxd5 4. Bd3 Nf6 5. h3 Nc6 6. c3 g6 7. Nf3 Bg7 8. O-O O-O 9. Qc2 Bf5 10. Bxf5 gxf5 11. Qxf5 e6 12. Qg5 Ne4 13. Qxd8 Rfxd8 14. Nbd2 Nd6 15. Re1 b5 16. Nb3 Ne4 17. Ng5 Nxg5 18. Bxg5 Rdc8 19. a3 a5 20. Be3 b4 21. axb4 axb4 22.
Rxa8 Rxa8 23. Ra1 Rxa1+ 24. Nxa1 bxc3 25. bxc3 Na5 26. Kf1 Nc4 27. Ke2 h5 28. g4 Kh7 29.
gxh5 Nxe3 30. fxe3 Kh6 31. Kf3 Kxh5 32. Kg3 Bf8 33.
Nb3 Bd6+ 34. Kg2 Ba3 35. Kf3 Kh4 36. Na5 Kxh3 37. c4 dxc4 38. Nxc4 Be7 39. Ne5 f6 40. Nc6 Ba3 41. Nd8 e5 42. d5 f5 43. Nf7 e4+ 44.
Kf4 Kg2 45. d6 Bc5 46. d7 Bb6 47. d8=Q Bxd8 48. Nxd8 Kf2 49. Nc6 Ke2 50. Ne7 Kf2 51. Nxf5 Ke2 52. Kxe4 Kf2 53. Kf4 Ke2 54. e4 Kf2 55. e5 Ke2 56. e6 Kf2 57. e7 Ke2 58. e8=Q+ Kf2 59. Qe3+ Kf1 60. Qd2 Kg1 61. Kf3 Kh1 62.
Qg2# 1-0

[Event "Early-Titled-Tuesday-Blitz-April-02-2024"]
[Site "Chess.com"]
[Date "2024.04.02"]
[Round "11"]
[White "KononenkoD"]
[Black "tusplingher"]
[Result "0-1"]
[WhiteElo "2613"]
[BlackElo "2516"]
[TimeControl "180+1"]
[EndTime "10:06:46 PDT"]
[Termination "tusplingher won by checkmate"]

1. e4 c5 2. Nf3 d6 3. d4 Nf6 4. Nc3 cxd4 5. Nxd4 a6 6. Bc4 e6 7. Bb3 Nbd7 8. O-O Nc5 9. f4 Ncxe4 10. Nxe4 Nxe4 11. f5 e5 12. Qf3 Nf6 13. Ne2 Be7 14. Bg5 O-O 15. Rad1 Qb6+ 16. Kh1 Bd7 17. Qh3 Bc6 18.
Bxf6 Bxf6 19. Nc3 Rac8 20. Rg1 Qc7 21. Nd5 Bxd5 22. Rxd5 Qe7 23. Rgd1 Rfd8 24. Qd3 e4 25. Qe2 Bxb2 26. h3 Bf6 27. Qe3 Bg5 28. Qg3 e3 29.
Re1 e2 30. Qf3 Re8 31. Rd3 Rc5 32. Bd5 Rxc2 33. Bxb7 Rc1 34. Qf2 Rxe1+ 35. Qxe1 Qxb7 36. Rxd6 Bh4 37. Qxe2 Rxe2 38. f6 Qxg2# 0-1

[Event "Early-Titled-Tuesday-Blitz-April-02-2024"]
[Site "Chess.com"]
[Date "2024.04.02"]
[Round "11"]
[White "only_strong_moves"]
[Black "TrompeterImEther"]
[Result "1-0"]
[WhiteElo "2735"]
[BlackElo "2573"]
[TimeControl "180+1"]
[EndTime "10:06:48 PDT"]
[Termination "only_strong_moves won by resignation"]

1. Nc3 d5 2. e4 dxe4 3. Nxe4 Nf6 4. Nxf6+ exf6 5. d4 Bd6 6. Bd3 O-O 7. Ne2 Re8 8.
O-O Nd7 9. c3 c5 10. Bf4 Bxf4 11. Nxf4 cxd4 12. cxd4 Nb6 13. d5 g6 14. Qf3 Qd6 15. h4 h5 16. Qg3 Bg4 17. Nxh5 Qxg3 18. Nxg3 Nxd5 19. f3 Be6 20. Rac1 Kg7 21. Be4 f5 22. Bb1 Rac8 23. Ne2 Ne3 24. Rfe1 Nc4 25. b3 Na3 26. Bd3 Red8 27. Nf4 Rxc1 28. Rxc1 Kf6 29. Kf2 Rd7 30. Rc3 Rd4 31. Ke3 Rb4 32. Rc5 b6 33.
Rc6 Ke5 34. g3 Nb5 35. Bc4 Rxc4 36. bxc4 Nd4 37. Nd3+ 1-0

[Event "Early-Titled-Tuesday-Blitz-April-02-2024"]
[Site "Chess.com"]
[Date "2024.04.02"]
[Round "11"]
[White "gpsji27"]
[Black "GoValya"]
[Result "0-1"]
[WhiteElo "2311"]
[BlackElo "2243"]
[TimeControl "180+1"]
[EndTime "10:06:50 PDT"]
[Termination "GoValya won by resignation"]

1. d4 Nf6 2. Nf3 d5 3. Bg5 Ne4 4. Bh4 c5 5. e3 g6 6. Nbd2 Bg7 7. c3 O-O 8. Bd3 f5 9. Qe2 Nc6 10. dxc5 Nxc5 11. Bc2 b6 12. Nb3 Ba6 13. Qd2 Ne4 14.
Bxe4 fxe4 15. Nfd4 Ne5 16. Ne6 Qd6 17. Nxg7 Nd3+ 18.
Kd1 Kxg7 19. Bg3 e5 20. a4 Bc4 21. Nc1 Rae8 22. b3 Nxc1 23. Rxc1 Bxb3+ 24. Ke2 Bc4+ 25. Ke1 Qc6 26. Ra1 Rf7 27. a5 bxa5 28. Rxa5 Rb7 29. Ra1 Reb8 0-1

[Event "Early-Titled-Tuesday-Blitz-April-02-2024"]
[Site "Chess.com"]
[Date "2024.04.02"]
[Round "11"]
[White "flawian2008"]
[Black "djano"]
[Result "1-0"]
[WhiteElo "2524"]
[BlackElo "2655"]
[TimeControl "180+1"]
[EndTime "10:06:51 PDT"]
[Termination "flawian2008 won on time"]

1. d4 Nf6 2. c4 g6 3. Nc3 Bg7 4. e4 d6 5. h3 O-O 6. Be3 e5 7. d5 Nh5 8. g3 Na6 9. Be2 Nf6 10. g4 Nc5 11. f3 h5 12. Qd2 a5 13. g5 Nfd7 14. h4 f5 15. gxf6 Nxf6 16. Nh3 Nh7 17. O-O-O Bxh3 18. Rxh3 Rf4 19. Rg1 Nf8 20.
Bxf4 exf4 21. Qxf4 a4 22. Kc2 Qe7 23. Rhg3 Kh7 24.
Qe3 Qxh4 25. f4 a3 26. b4 Ncd7 27. f5 Ne5 28. fxg6+ Nfxg6 29. Rh3 Qf6 30. Rxh5+ Kg8 31. Rf5 Qh4 32. Rfg5 Qh7 33. Qg3 Kf7 34. Bh5 Bf6 35. Bxg6+ Nxg6 36. Rxg6 Rf8 37. Rf1 Qxg6 38. Qh3 Kg7 39.
Rf2 Rh8 40. Qd7+ Qf7 41. Rg2+ Kf8 42. Qc8+ Qe8 43. Qxc7 Qe7 44. Qc8+ Kf7 45. Qf5 Rh3 46. Qg6+ 1-0

[Event "Early-Titled-Tuesday-Blitz-April-02-2024"]
[Site "Chess.com"]
[Date "2024.04.02"]
[Round "11"]
[White "Happy1712Drummer"]
[Black "InitiatingASC"]
[Result "0-1"]
[WhiteElo "2458"]
[BlackElo "2361"]
[TimeControl "180+1"]
[EndTime "10:06:51 PDT"]
[Termination "InitiatingASC won by resignation"]

1. e4 c5 2. Nf3 Nc6 3. Bb5 Nf6 4. Nc3 g6 5. e5 Ng4 6. Bxc6 bxc6 7. h3 Nh6 8. O-O Nf5 9. Re1 Bg7 10. Ne4 Qa5 11.
c3 c4 12. b4 cxb3 13. Qxb3 Bxe5 14. g4 Nd6 15. d4 Nxe4 16. Rxe4 Bd6 17. Bg5 f6 18.
Bxf6 Rf8 19. Bxe7 Bxe7 20. Rae1 Rxf3 21. Rxe7+ Kd8 22. Qg8+ Kc7 23. d5 Qxc3 24. dxc6 Qxc6 25. R1e4 Bb7 26. Rc4 Rxg8 27. Rxc6+ Bxc6 0-1

[Event "Early-Titled-Tuesday-Blitz-April-02-2024"]
[Site "Chess.com"]
[Date "2024.04.02"]
[Round "11"]
[White "manitodeplomo"]
[Black "KetiTsatsalashvili"]
[Result "1-0"]
[WhiteElo "2638"]
[BlackElo "2428"]
[TimeControl "180+1"]
[EndTime "10:06:52 PDT"]
[Termination "manitodeplomo won by resignation"]

1. d4 Nf6 2. c4 e6 3. Nf3 b6 4. g3 Ba6 5. Qc2 Bb4+ 6. Bd2 Bxd2+ 7. Nbxd2 d5 8. Bg2 O-O 9. O-O c6 10. b3 Nbd7 11. e4 dxe4 12. Nxe4 Nxe4 13. Qxe4 Rc8 14. Rfd1 Qe7 15. Rd2 c5 16. d5 Qf6 17.
Rad1 exd5 18. Qxd5 Nb8 19. Qe5 Qxe5 20. Nxe5 Rfe8 21.
f4 f6 22. Bd5+ Kf8 23. Nf3 Nc6 24. Kf2 Bb7 25. Bxc6 Bxc6 26. Nh4 g6 27. Ng2 Bxg2 28. Kxg2 Re7 29. Kf3 Rce8 30. Rd3 Kf7 31. R1d2 h5 32.
Rd7 Rxd7 33. Rxd7+ Re7 34. Rxe7+ Kxe7 35. Ke4 Ke6 36. f5+ gxf5+ 37. Kf4 Ke7 38. Kxf5 Kf7 39.
h4 a6 40. a3 b5 41. a4 bxa4 42. bxa4 a5 43. g4 hxg4 44. Kxg4 Kg6 45. h5+ Kh6 46.
Kf5 Kxh5 47. Kxf6 Kg4 48. Ke5 Kf3 49. Kd5 Ke3 50. Kxc5 Kd3 51. Kb5 Kd4 52. c5 Kd5 53. c6 Kd6 54. Kb6 1-0

[Event "Early-Titled-Tuesday-Blitz-April-02-2024"]
[Site "Chess.com"]
[Date "2024.04.02"]
[Round "11"]
[White "Navyblue1"]
[Black "shirovin"]
[Result "1-0"]
[WhiteElo "2264"]
[BlackElo "2055"]
[TimeControl "180+1"]
[EndTime "10:06:54 PDT"]
[Termination "Navyblue1 won on time"]

1. d4 Nf6 2. c4 e6 3. Nf3 c5 4. d5 exd5 5. cxd5 d6 6. Nc3 g6 7. e4 Bg7 8. Nd2 O-O 9. Be2 a6 10. a4 Re8 11. O-O Nbd7 12. h3 Rb8 13. a5 b5 14. axb6 Rxb6 15. Nc4 Rb4 16. Nxd6 Rf8 17.
Nc4 Re8 18. Qc2 Nb6 19. Nxb6 Qxb6 20. Bf3 Nh5 21. Na4 Qd6 22. Qxc5 Qb8 23. Nc3 Bd4 24. Qc6 Rd8 25. Ne2 Bxb2 26. Bxb2 Rxb2 27. Qc3 Rb3 28.
Qd2 Rb2 29. Qg5 Bxh3 30. Bxh5 Bd7 31. Bf3 Rb3 32. Nd4 Rd3 33. Ne2 Rb3 34. Ng3 Kh8 35.
Qf6+ 1-0

[Event "Early-Titled-Tuesday-Blitz-April-02-2024"]
[Site "Chess.com"]
[Date "2024.04.02"]
[Round "11"]
[White "Caracal3000"]
[Black "CarlosjPineror"]
[Result "0-1"]
[WhiteElo "2547"]
[BlackElo "2689"]
[TimeControl "180+1"]
[EndTime "10:06:55 PDT"]
[Termination "CarlosjPineror won by resignation"]

1. e4 c5 2. Nf3 e6 3. d4 cxd4 4. Nxd4 a6 5. Nc3 Qc7 6. Bd3 Nf6 7. O-O h5 8. h3 d6 9. Re1 Be7 10. a4 b6 11. f4 Nbd7 12. Qe2 Bb7 13. e5 dxe5 14. fxe5 Bc5 15. exf6 Bxd4+ 16. Be3 Bxe3+ 17. Qxe3 Nxf6 18. Qg5 Kf8 19. Rad1 Qc5+ 20. Qxc5+ bxc5 21. Ne4 Nxe4 22. Bxe4 Bxe4 23. Rxe4 Ke7 24. Rd3 Rab8 25. b3 Rhd8 26. Rxd8 Rxd8 27. Re5 Rd5 28. Re4 f5 29. Rc4 Kd6 30. Kf2 Rd4 31. Rc3 h4 32. Re3 g5 33.
Re2 a5 34. c3 Rd3 35. Rc2 e5 36. Ke2 e4 37. b4 cxb4 38. cxb4 axb4 39. Rc4 b3 40.
Rb4 Kc5 41. Rb5+ Kc4 42. Rxf5 b2 43. Rf1 Ra3 44. Rb1 Kc3 0-1

[Event "Early-Titled-Tuesday-Blitz-April-02-2024"]
[Site "Chess.com"]
[Date "2024.04.02"]
[Round "11"]
[White "Balla_Tamas"]
[Black "azikom"]
[Result "0-1"]
[WhiteElo "2490"]
[BlackElo "2649"]
[TimeControl "180+1"]
[EndTime "10:06:55 PDT"]
[Termination "azikom won by resignation"]

1. Nf3 Nf6 2. b3 d5 3. Bb2 c5 4.
e3 Bg4 5. Be2 e6 6. c4 Nc6 7. d4 cxd4 8. exd4 Bb4+ 9. Nc3 Ne4 10. Rc1 Qa5 11. Qc2 Bxf3 12. Bxf3 Nxd4 13. Qd3 Nxf3+ 14.
gxf3 Nxc3 15. Bxc3 dxc4 16. Qxc4 Bxc3+ 17. Rxc3 O-O 18.
O-O Qxa2 19. Kh1 g6 20. Rg1 Qxf2 21. Rg3 Rad8 22. Rc1 Rd2 23. Qh4 a5 24. Rcg1 Rfd8 25. Qh6 Qd4 26. Qg5 b6 27. h4 Rd1 28. h5 Rxg1+ 29.
Rxg1 Qd5 30. Qg4 Qf5 31. h6 Qxg4 32. Rxg4 Kf8 33. Rc4 Ke7 34. Rc7+ Rd7 35. Rc6 Kf6 36.
Rxb6 Kg5 37. Rb5+ Kxh6 38. Rxa5 Rd3 39. b4 Rxf3 40. b5 Rb3 41. Kg2 g5 42. Ra7 Kg6 43.
Rb7 h5 44. b6 h4 45. Rb8 Kf5 46. b7 Kg4 47. Rf8 Rxb7 0-1

[Event "Early-Titled-Tuesday-Blitz-April-02-2024"]
[Site "Chess.com"]
[Date "2024.04.02"]
[Round "11"]
[White "Al_Shima"]
[Black "Shahdad2007"]
[Result "0-1"]
[WhiteElo "2478"]
[BlackElo "2583"]
[TimeControl "180+1"]
[EndTime "10:06:56 PDT"]
[Termination "Shahdad2007 won by resignation"]

1. e4 c5 2. Nf3 e6 3. c3 d5 4.
exd5 exd5 5. d4 Nf6 6. Be3 cxd4 7. Nxd4 Nc6 8. Be2 Bd6 9. Nd2 O-O 10. O-O Re8 11. h3 Ne5 12. N2f3 Ng6 13. Bd3 Nf4 14. Bc2 Ne4 15. Qc1 Qf6 16. Re1 Bxh3 17. g3 Ng6 18.
Bxe4 dxe4 19. Nh2 Ne5 20. Qd1 Nd3 21. Re2 h5 22. Rd2 h4 23. Qh5 g6 24. Qxh4 Qxh4 25. gxh4 Kg7 26. Ne2 Rh8 27. Ng3 Bf5 28. Rad1 Rxh4 29.
Nhf1 Rah8 30. Kg2 Bf4 31. Bxf4 Nxf4+ 32. Kg1 Bg4 33. Re1 Bf3 34. Rxe4 Rh1+ 0-1

[Event "Early-Titled-Tuesday-Blitz-April-02-2024"]
[Site "Chess.com"]
[Date "2024.04.02"]
[Round "11"]
[White "Ergali_Suleimen"]
[Black "Djager97"]
[Result "0-1"]
[WhiteElo "2367"]
[BlackElo "2579"]
[TimeControl "180+1"]
[EndTime "10:06:57 PDT"]
[Termination "Djager97 won by checkmate"]

1. e4 e6 2. d4 d5 3. e5 c5 4. c3 Qb6 5. Nf3 Nc6 6. Bd3 cxd4 7. O-O Bd7 8. Re1 Nge7 9. h4 g6 10. h5 h6 11. hxg6 fxg6 12. Nh4 O-O-O 13. Nxg6 Nxg6 14. Bxg6 Rg8 15. Bd3 dxc3 16. Nxc3 Bc5 17. Be3 Bxe3 18. Rxe3 Qxb2 19. Nb5 Kb8 20. Rb1 Qxa2 21.
Nd6 b6 22. Bb5 Rdf8 23. Re2 Qa3 24. Ra1 Qh3 25. g3 Nxe5 26. Rxe5 Rxg3+ 27. fxg3 Qxg3+ 28. Kh1 Rf2 29. Rh5 Qg2# 0-1

[Event "Early-Titled-Tuesday-Blitz-April-02-2024"]
[Site "Chess.com"]
[Date "2024.04.02"]
[Round "11"]
[White "Ariadna_Atreides"]
[Black "Englishman_18"]
[Result "0-1"]
[WhiteElo "2187"]
[BlackElo "2285"]
[TimeControl "180+1"]
[EndTime "10:07:01 PDT"]
[Termination "Englishman_18 won on time"]

1. d4 Nf6 2. Nf3 g6 3. Nbd2 d5 4. b3 b6 5. e3 Bb7 6. Bb5+ c6 7. Bd3 c5 8. Bb2 Bg7 9. O-O O-O 10. Ne5 e6 11. Qe2 Nc6 12. c4 cxd4 13. Nxc6 Bxc6 14. Bxd4 Re8 15. cxd5 Qxd5 16. f3 e5 17. Bc4 Qd7 18.
Bb2 b5 19. Bd3 Rad8 20. Be4 Qxd2 21. Qxd2 Rxd2 22. Bxc6 Rc8 23. Bc1 Rc2 24. Bxb5 e4 25.
Ba3 Nd5 26. Rfe1 Bxa1 27. fxe4 Bc3 0-1

[Event "Early-Titled-Tuesday-Blitz-April-02-2024"]
[Site "Chess.com"]
[Date "2024.04.02"]
[Round "11"]
[White "NovakRatko"]
[Black "NikitaShnadrygin"]
[Result "0-1"]
[WhiteElo "2448"]
[BlackElo "2658"]
[TimeControl "180+1"]
[EndTime "10:07:02 PDT"]
[Termination "NikitaShnadrygin won by resignation"]

1. d4 Nf6 2. c4 g6 3. Nc3 d5 4. f3 c5 5. dxc5 d4 6. Na4 Nc6 7. a3 e5 8. Bg5 Be7 9. e4 a5 10. Bd3 Nd7 11. Bxe7 Qxe7 12. Ne2 Nxc5 13. O-O O-O 14. Rb1 Be6 15. Nb6 Rad8 16. Nd5 Qg5 17. f4 exf4 18. Nexf4 Ne5 19. b4 Ncxd3 20. Nxd3 Nxc4 21.
Nf6+ Kg7 22. Qf3 Nd2 23. Qd1 Qe3+ 24. Kh1 Qxd3 25. Nh5+ Kh8 26. Nf4 Qxf1+ 0-1

[Event "Early-Titled-Tuesday-Blitz-April-02-2024"]
[Site "Chess.com"]
[Date "2024.04.02"]
[Round "11"]
[White "HeroWilczek"]
[Black "Zavgorodniy_Sergiy"]
[Result "0-1"]
[WhiteElo "2548"]
[BlackElo "2650"]
[TimeControl "180+1"]
[EndTime "10:07:04 PDT"]
[Termination "Zavgorodniy_Sergiy won on time"]

1. e4 c6 2. Nc3 d5 3. Qf3 d4 4.
Bc4 e6 5. Nce2 b5 6. Bb3 c5 7.
d3 Nc6 8. Qg3 Nb4 9. a3 c4 10.
dxc4 Na6 11. cxb5 Nc5 12. Bc4 Nxe4 13. Qd3 Bb7 14. Nf3 Rc8 15. Nexd4 Ngf6 16. O-O Bc5 17.
Be3 O-O 18. Rad1 Qc7 19. Ba2 Rfd8 20. Qe2 Nd5 21. Bc1 Nf4 22. Bxf4 Qxf4 23. b4 Bd6 24. g3 Qg4 25. Nd2 Qxe2 26. Nxe2 Ng5 27. f3 Rxc2 28. Bb1 Rb2 29. Ne4 Nxe4 30. Bxe4 Bxe4 31. fxe4 Rxe2 32. e5 Rxe5 0-1

[Event "Early-Titled-Tuesday-Blitz-April-02-2024"]
[Site "Chess.com"]
[Date "2024.04.02"]
[Round "11"]
[White "Pragmatist237"]
[Black "GrotBchess"]
[Result "0-1"]
[WhiteElo "2283"]
[BlackElo "2440"]
[TimeControl "180+1"]
[EndTime "10:07:04 PDT"]
[Termination "GrotBchess won by resignation"]

1. d4 Nf6 2. Bg5 Ne4 3. Bh4 d5 4. Nd2 Nd6 5. Ngf3 c5 6. c3 Nf5 7. Bg3 g6 8. e3 Bg7 9. dxc5 Nxg3 10.
hxg3 Nd7 11. Nb3 Nf6 12. Bb5+ Bd7 13. Qe2 a6 14. Bd3 Qc7 15. O-O e5 16. e4 dxe4 17.
Bxe4 Nxe4 18. Qxe4 Bc6 19. Qe3 O-O 20. Nfd2 a5 21.
Nc4 Bb5 22. Nbd2 Rad8 23. a4 Ba6 24. b4 Bxc4 25. Nxc4 axb4 26. cxb4 Rd4 27. Rac1 Rfd8 28. Qb3 Rd3 29. Qb1 e4 30. Nd6 Rd4 31. Rfd1 e3 32. fxe3 Rg4 33. Rf1 Rf8 34. Qb3 Be5 35. Qd5 Bxg3 36.
Qf3 Rg5 37. Ne4 Bh2+ 38. Kf2 Rf5 39. Nd6 Rxf3+ 40. gxf3 Bxd6 41. cxd6 Qxd6 42. b5 Qd2+ 43. Kg3 Qxe3 44. Rce1 Qd2 45. Re4 h5 46. Rfe1 Kg7 47. Re7 Rc8 48. R1e2 0-1

[Event "Early-Titled-Tuesday-Blitz-April-02-2024"]
[Site "Chess.com"]
[Date "2024.04.02"]
[Round "11"]
[White "Dewarfd"]
[Black "mertfelin"]
[Result "0-1"]
[WhiteElo "2115"]
[BlackElo "2262"]
[TimeControl "180+1"]
[EndTime "10:07:04 PDT"]
[Termination "mertfelin won on time"]

1. c4 e6 2. e4 d5 3. cxd5 exd5 4. exd5 Nf6 5. Nf3 Nxd5 6. Nc3 Be7 7. d4 O-O 8. Bc4 c6 9. O-O Bg4 10. h3 Bh5 11.
Be2 Nd7 12. Nxd5 cxd5 13. Qb3 Nb6 14. Bd2 Rc8 15. Ba5 Bf6 16. Rac1 Qd6 17. Bxb6 axb6 18.
Rxc8 Rxc8 19. Qe3 h6 20. Rc1 Rd8 21. Qa3 Qxa3 22. bxa3 Ra8 23. Rc3 Ra4 24. Rb3 Ra8 25. Kf1 Kf8 26. Ne5 Bxe5 27. dxe5 Bg6 28. Bd3 Bh5 29.
g4 Bg6 30. Bxg6 fxg6 31. Ke2 Ra6 32. Ke3 Ke7 33. f4 Ke6 34. Kd3 g5 35. Ke3 g6 36.
Kf3 b5 37. fxg5 hxg5 38. Ke3 Ra4 39. Kf3 Kxe5 40. Kg3 Ke4 41. h4 gxh4+ 42. Kxh4 d4 43. Kg5 d3 44. Rxb5 d2 45. Rb1 Ke3 46. Kxg6 Rxg4+ 47. Kf5 Rd4 48. Ke5 d1=Q 0-1